 Dungeon Crawl Stone Soup version 0.32-a0-42-ga30500b4d3 (webtiles) character file.

Game seed: 6634389701277687850

11 Ceno the Grasshopper (level 2, 0/24 HPs)
             Began as an Armataur Warper on Feb 1, 2024.
             Slain by a kobold
             ... wielding a +0 whip
              (4 damage)
             ... on level 1 of the Dungeon.
             The game lasted 00:02:16 (195 turns).

Ceno the Grasshopper (Armataur Warper)               Turns: 195, Time: 00:02:17

Health: 0/24       AC:  4    Str: 16    XL:     2   Next: 17%
Magic:  4/4        EV:  9    Int: 19    God:
Gold:   13         SH:  0    Dex:  9    Spells: 4/4 levels left

rFire   . . .        a - +0 mace
rCold   . . .        (no shield)
rNeg    . . .        b - +0 leather armour
rPois   .            (no helmet)
rElec   .            (no cloak)
rCorr   .            (no gloves)
SInv    .            (no barding)
Will    .....        (no amulet)
Stlth   +            e - +6 ring of intelligence
HPRegen 0.24/turn    (no ring)
MPRegen 0.09/turn

%: roll
@: no status effects
A: large, deformed body, tough skin 3, armoured tail, roll 1
a: no special abilities


You were on level 1 of the Dungeon.
You visited 1 branch of the dungeon, and saw 1 of its levels.

You collected 13 gold pieces.

Inventory:

Hand Weapons
 a - a +0 mace (weapon)
Missiles
 d - 7 darts of dispersal (quivered)
Armour
 b - a +0 leather armour (worn)
Jewellery
 e - a +6 ring of intelligence (left hand)
 g - an amulet of the acrobat
Scrolls
 c - a scroll of blinking
 f - a scroll of enchant armour {unknown}


   Skills:
 + Level 2.0 Fighting
 * Level 2.1 Maces & Flails
 + Level 1.1 Throwing
 - Level 1.2 Armour
 - Level 1.3 Dodging
 - Level 1.7 Spellcasting
 + Level 3.1 Translocations


You had 4 spell levels left.
You didn't know any spells.
Your spell library contained the following spells:

 Spells                   Type           Power      Damage    Failure   Level
 Blink                    Tloc           26%        N/A       9%          2
 Lesser Beckoning         Tloc           26%        N/A       9%          2
 Teleport Other           Tloc           13%        N/A       17%         3
 Manifold Assault         Tloc           13%        N/A       50%         4
 Vhi's Electric Charge    Tloc/Air       14%        N/A       73%         4


Dungeon Overview and Level Annotations

Branches:
Dungeon (1/15)

Altars:


Innate Abilities, Weirdness & Mutations

Armour fits poorly on your strangely shaped body.
You have extremely tough skin. (AC +3)
You have a long armoured tail.
You regenerate magic when rolling toward enemies. (Rampage MPRegen)


Message History

You closely miss the jackal. The jackal closely misses you.
A kobold comes into view. It is wielding a +0 whip.
The jackal bites you but does no damage.
You hit the jackal.
The jackal is severely wounded.
The jackal bites you. The jackal closely misses you.
You barely miss the jackal.
The jackal is severely wounded.
The jackal closely misses you. The jackal barely misses you.
You closely miss the jackal.
The jackal is severely wounded.
The jackal barely misses you.
You hit the jackal.
The jackal is almost dead.
The jackal misses you. The jackal barely misses you.
The kobold hits you with a +0 whip.
You closely miss the jackal.
The jackal is almost dead.
The jackal bites you but does no damage. x2
The kobold barely misses you.
You hit the jackal but do no damage.
The jackal is almost dead.
The jackal bites you but does no damage.
The kobold hits you but does no damage.
The jackal bites you but does no damage.
You barely miss the jackal.
Your tail-slap misses the jackal.
The jackal is almost dead.
The jackal barely misses you. The kobold hits you with a +0 whip.
The jackal barely misses you.
You closely miss the jackal.
Your tail-slap misses the jackal.
The jackal is almost dead.
The kobold hits you with a +0 whip. The jackal bites you.
The kobold hits you with a +0 whip.
* * * LOW HITPOINT WARNING * * *
The jackal bites you.
* * * LOW HITPOINT WARNING * * *
You hit the jackal but do no damage.
The jackal is almost dead.
The jackal barely misses you. The kobold hits you with a +0 whip.
You die...

## ## .##. . .. ......# ..
### ...[ ....... ##. #.
..# ...)
...........##.####.##..#
.......# #.............#
.......###.....h......####
...............K@........#
.......###...>...........#
.......#!#...............#
######.###...............#
..................########
####..#.....#.#####
#.########.# #..††)..†..#
##########.#


You could see a jackal and a kobold.

Vanquished Creatures
  A bat (D:1)
  2 goblins (D:1)
  5 jackals (D:1)
  A ball python (D:1)
9 creatures vanquished.

Notes
Turn   | Place    | Note
-------+----------+-------------------------------------------
     0 | D:1      | Ceno the Armataur Warper began the quest for the Orb.
     0 | D:1      | Reached XP level 1. HP: 17/17 MP: 3/3
    78 | D:1      | Reached skill level 1 in Throwing
   152 | D:1      | Reached XP level 2. HP: 24/24 MP: 4/4
   195 | D:1      | Slain by a kobold

Illustrated notes

Levels and vault maps discovered:
D:1:      scummos_arrival_gate, layout_basic,
          dreamdust_ecumenical_altar_drowned_temple, corexii_hall_statues_i,
          item_on_display_a

Skill      XL: |  1  2 |
---------------+-------+-----
Throwing       | 1 |  1.1
Maces & Flails | 2 |  2.1
Fighting       | 2 |  2.0
Armour         | |  1.2
Dodging        | |  1.3
Spellcasting   | |  1.7
Translocations | |  3.1

Action                     || total
---------------------------++-------
  Melee: Mace              ||    30
         Tailslap          ||     4
 Armour: Leather armour    ||    32
  Dodge: Dodged            ||    17

Table legend: (Time is in decaauts)
 A = Elapsed time spent in this place.
 B = Non-inter-level travel time spent in this place.
 C = Inter-level travel time spent in this place.
 D = Time resting spent in this place.
 E = Time spent auto-exploring this place.
 F = Levels seen in this place.
 G = Mean time per level.
                   A        B        C        D        E       F      G
               +--------+--------+--------+--------+--------+-----+--------+
         Total |    203 |    203 |      0 |     39 |      7 |   1 |  203.0 |
       Dungeon |    203 |    203 |      0 |     39 |      7 |   1 |  203.0 |
               +--------+--------+--------+--------+--------+-----+--------+

Top non-repeatable levels by time:
     D:1: 203 daAuts
